 Dungeon Sprint DCSS version 0.31-a0-574-g69dc8cc98e (webtiles) character file.

Game seed: 3187877754307167354

9 zazu2006 the Twirler (level 2, -2/26 HPs)
             Began as a Gnoll Wanderer on Aug 19, 2023.
             Slain by a scorpion (6 damage)
             ... in the Dungeon (Sprint IV: "Fedhas' Mad Dash").
             The game lasted 00:01:46 (58 turns).

zazu2006 the Twirler (Gnoll Wanderer)                 Turns: 58, Time: 00:01:48

Health: -2/26      AC:  6    Str: 13    XL:     2   Next: 16%
Magic:  6/6        EV:  9    Int: 10    God:
Gold:   0          SH:  0    Dex: 10    Spells: 6/7 levels left

rFire   . . .        a - +2 quarterstaff
rCold   . . .        (shield currently unavailable)
rNeg    . . .        b - +0 scale mail
rPois   .            (no helmet)
rElec   .            (no cloak)
rCorr   .            (no gloves)
SInv    .            (no boots)
Will    .....        (no amulet) Stlth
                     (no ring)
HPRegen 0.24/turn    (no ring)
MPRegen 0.10/turn

%: no teleportation
@: lethally poisoned (-2 -> -4)
A: fangs 1, strong nose, distributed training
a: no special abilities


You were in the Dungeon.
You visited 1 branch

Inventory:

Hand Weapons
 a - a +2 quarterstaff (weapon)
Armour
 b - a +0 scale mail (worn)
Scrolls
 i - a scroll of blinking
 j - a scroll of identify {unknown}
Potions
 c - a potion of attraction
 d - a potion of curing
 e - a potion of heal wounds
 f - a potion of haste
 g - 2 potions of magic
 h - a potion of berserk rage


   Skills:
 + Level 4.6 Fighting
 + Level 1.2 Short Blades
 + Level 1.2 Long Blades
 + Level 1.2 Axes
 + Level 1.2 Maces & Flails
 + Level 1.2 Polearms
 + Level 6.6 Staves
 + Level 1.2 Ranged Weapons
 + Level 2.8 Throwing
 + Level 2.8 Armour
 + Level 1.2 Dodging
 + Level 1.2 Stealth
 + Level 1.2 Shields
 + Level 1.2 Unarmed Combat
 + Level 3.0 Spellcasting
 + Level 1.0 Conjurations
 + Level 1.0 Hexes
 + Level 1.0 Summonings
 + Level 1.0 Necromancy
 + Level 3.8 Translocations
 + Level 1.0 Transmutations
 + Level 1.0 Fire Magic
 + Level 1.0 Ice Magic
 + Level 1.0 Air Magic
 + Level 1.0 Earth Magic
 + Level 1.0 Poison Magic
 + Level 1.3 Invocations
 + Level 1.2 Evocations
 + Level 1.0 Shapeshifting


You had 6 spell levels left.
You knew the following spells:

 Your Spells              Type           Power      Damage    Failure   Level
a - Apportation           Tloc           18%        N/A       26%         1

Your spell library contained the following spells:

 Spells                   Type           Power      Damage    Failure   Level
 Portal Projectile        Hex/Tloc       12%        N/A       80%         3


Dungeon Overview and Level Annotations

Branches:
Dungeon (1/1)

Altars:

Annotations:
D exclusion: oklob sapling


Innate Abilities, Weirdness & Mutations

You have very sharp teeth.
Your uncanny sense of smell can sniff out nearby items.
Your experience applies equally to all skills.


Message History

Unknown command.
Found 44 gold pieces.
There is an open door here.
Found 8 gold pieces and an opal ring.
A scorpion comes into view.
Found the amulet of invisibility {+Inv}.
You see here 10 gold pieces.
The scorpion barely misses you.
You see here 11 gold pieces.
You sock the scorpion!
The scorpion is heavily wounded.
The scorpion stings you. x2
You hit the scorpion.
The scorpion is heavily wounded.
The scorpion stings you.
You are poisoned.
The scorpion poisons you!
You completely miss the scorpion.
The scorpion is heavily wounded.
You feel very sick.
The scorpion stings you but does no damage.
You hit the scorpion.
The scorpion is severely wounded.
You feel sick. The scorpion stings you.
You barely miss the scorpion.
You bite the scorpion, but do no damage.
The scorpion is severely wounded.
You feel sick.
The scorpion stings you but does no damage.
You hit the scorpion but do no damage.
The scorpion is severely wounded.
You feel sick. The scorpion stings you.
* * * LOW HITPOINT WARNING * * *
You closely miss the scorpion.
You bite the scorpion, but do no damage.
The scorpion is severely wounded.
You feel sick. The scorpion stings you.
* * * LOW HITPOINT WARNING * * *
The scorpion stings you.
You die...

##################
#<..P#.....#.$@$$#
#PP..†.....'.#s=.+
#PPPP#.....#P#"..#
###############+##
∆ ∆ ∆ ∆ ∆∆∆∆


You could see a scorpion.

Vanquished Creatures
  A river rat (D)
  A rat (D)
2 creatures vanquished.

Notes
Turn   | Place    | Note
-------+----------+-------------------------------------------
     0 | D        | zazu2006 the Gnoll Wanderer began the quest for the Orb.
     0 | D        | zazu2006 set off with the following items: a +2
                  | quarterstaff, a +0 scale mail, a potion of attraction, a
                  | potion of curing, a potion of heal wounds, a potion of
                  | haste, 2 potions of magic, a potion of berserk rage, a
                  | scroll of blinking; and the following spell memorised:
                  | Apportation; and the following spells available to
                  | memorise: Portal Projectile.
     0 | D        | Reached XP level 1. HP: 20/20 MP: 4/4
    11 | D        | Reached skill level 1 in Short Blades
    11 | D        | Reached skill level 1 in Long Blades
    11 | D        | Reached skill level 1 in Axes
    11 | D        | Reached skill level 1 in Maces & Flails
    11 | D        | Reached skill level 1 in Polearms
    11 | D        | Reached skill level 1 in Ranged Weapons
    11 | D        | Reached skill level 1 in Dodging
    11 | D        | Reached skill level 1 in Stealth
    11 | D        | Reached skill level 1 in Shields
    11 | D        | Reached skill level 1 in Unarmed Combat
    11 | D        | Reached skill level 1 in Invocations
    11 | D        | Reached skill level 1 in Evocations
    11 | D        | Reached XP level 2. HP: 17/26 MP: 6/6
    13 | D        | Reached skill level 1 in Conjurations
    13 | D        | Reached skill level 1 in Hexes
    13 | D        | Reached skill level 1 in Summonings
    13 | D        | Reached skill level 1 in Necromancy
    13 | D        | Reached skill level 1 in Transmutations
    13 | D        | Reached skill level 1 in Fire Magic
    13 | D        | Reached skill level 1 in Ice Magic
    13 | D        | Reached skill level 1 in Air Magic
    13 | D        | Reached skill level 1 in Earth Magic
    13 | D        | Reached skill level 1 in Poison Magic
    13 | D        | Reached skill level 1 in Shapeshifting
    47 | D        | Noticed an oklob sapling
    50 | D        | Noticed a scorpion
    50 | D        | Found the amulet of invisibility {+Inv}
    58 | D        | Slain by a scorpion

Illustrated notes

Levels and vault maps discovered:
D:        dungeon_sprint_fedhas [sprint_temple]

Skill      XL: |  1  2 |
---------------+-------+-----
Short Blades   | 1 |  1.2
Long Blades    | 1 |  1.2
Axes           | 1 |  1.2
Maces & Flails | 1 |  1.2
Polearms       | 1 |  1.2
Ranged Weapons | 1 |  1.2
Dodging        | 1 |  1.2
Stealth        | 1 |  1.2
Shields        | 1 |  1.2
Unarmed Combat | 1 |  1.2
Spellcasting   | 3 |  3.0
Invocations    | 1 |  1.3
Evocations     | 1 |  1.2
Conjurations   | 1 |  1.0
Hexes          | 1 |  1.0
Summonings     | 1 |  1.0
Necromancy     | 1 |  1.0
Transmutations | 1 |  1.0
Fire Magic     | 1 |  1.0
Ice Magic      | 1 |  1.0
Air Magic      | 1 |  1.0
Earth Magic    | 1 |  1.0
Poison Magic   | 1 |  1.0
Shapeshifting  | 1 |  1.0
Fighting       | |  4.6
Staves         | |  6.6
Throwing       | |  2.8
Armour         | |  2.8
Translocations | |  3.8

Action                     || total
---------------------------++-------
  Melee: Quarterstaff      ||    13
         Bite              ||     2
 Armour: Scale mail        ||     3
  Dodge: Dodged            ||     2

Table legend: (Time is in decaauts)
 A = Elapsed time spent in this place.
 B = Non-inter-level travel time spent in this place.
 C = Inter-level travel time spent in this place.
 D = Time resting spent in this place.
 E = Time spent auto-exploring this place.
 F = Levels seen in this place.
 G = Mean time per level.
                   A        B        C        D        E       F      G
               +--------+--------+--------+--------+--------+-----+--------+
         Total |     57 |     55 |      2 |     27 |      0 |   1 |   57.0 |
       Dungeon |     57 |     55 |      2 |     27 |      0 |   1 |   57.0 |
               +--------+--------+--------+--------+--------+-----+--------+

Top non-repeatable levels by time:
       D: 57 daAuts
